PL
NORTHERN VIRGINIA RAINBOW MERMAIDS @ BOSTON PATRIOTS
08/06/2028
 
TOP OF THE 1ST
Northern Virginia Rainbow Mermaids batting - Pitching for Boston Patriots : RHP Jorge Aguirre
Pitching: RHP Jorge Aguirre
Batting: LHB Munemori Ohara 0-0: Called Strike
0-1: Ball
1-1: Swinging Strike
1-2: Ball
2-2: Ball
3-2: Foul Ball, location: 2F
3-2: Foul Ball, location: 2F
3-2: Base on Balls
Batting: RHB Brett Callison 0-0: Ball
1-0: Ball
2-0: Ball
3-0: Base on Balls
Munemori Ohara to second
Batting: LHB Roberto Sánchez 0-0: Fly out, F9 (Flyball, 9LSF)
Batting: RHB Arlen Joysey 0-0: Ball
Munemori Ohara steals 3rd base
Brett Callison to second
1-0: 3-RUN HOME RUN (Flyball, 7D), Distance : 393 ft
Batting: RHB Alfredo Pizarro 0-0: Ball
1-0: Called Strike
1-1: Ball
2-1: Called Strike
2-2: Foul Ball, location: 2F
2-2: Foul Ball, location: 2F
2-2: Strikes out swinging
Batting: LHB Francisco Ornelas 0-0: SINGLE (Line Drive, 34D)
Batting: RHB Shohei Kiyomizu 0-0: Foul Ball, location: 2F
0-1: Ball
1-1: Foul Ball, location: 2F
1-2: Foul Ball, location: 2F
1-2: Ball
2-2: Strikes out looking
Top of the 1st over - 3 run(s), 2 hit(s), 0 error(s), 1 left on base; Northern Virginia 3 - Boston 0
BOTTOM OF THE 1ST
Boston Patriots batting - Pitching for Northern Virginia Rainbow Mermaids : RHP Natalino Golaio
Pitching: RHP Natalino Golaio
Batting: RHB Terry Armstrong 0-0: Swinging Strike
0-1: Ball
1-1: Ground out 5-3 (Groundball, 5)
Batting: RHB Tamasaburo Kato 0-0: Ball
1-0: Swinging Strike
1-1: Foul Ball, location: 2F
1-2: Foul Ball, location: 2F
1-2: Ball
2-2: Ball
3-2: Fly out, F9 (Flyball, 9LSF)
Batting: RHB Tommy Jones 0-0: Ball
1-0: Ball
2-0: SINGLE (Line Drive, 56)
Batting: LHB Jorge Alejándrez 0-0: 2-RUN HOME RUN (Flyball, 9D), Distance : 385 ft
Batting: LHB Alberto Enríquez 0-0: Ball
1-0: Ball
2-0: Swinging Strike
2-1: Ball
3-1: Foul Ball, location: 2F
3-2: Foul Ball, location: 2F
3-2: DOUBLE (Line Drive, 9LD)
Batting: LHB Bill Chambers 0-0: Ball
1-0: Ball
2-0: Foul Ball, location: 2F
2-1: SINGLE (Line Drive, 34D)
Alberto Enríquez to third
Runner from 3rd tries for Home, SAFE, no throw
Batting: SHB Jorge Velázquez 0-0: Ball
Bill Chambers is caught stealing 2nd base
Bottom of the 1st over - 3 run(s), 4 hit(s), 0 error(s), 0 left on base; Northern Virginia 3 - Boston 3
TOP OF THE 2ND
Northern Virginia Rainbow Mermaids batting - Pitching for Boston Patriots : RHP Jorge Aguirre
Batting: RHB Juan Cabrera 0-0: Ball
1-0: Fly out, F6 (Popup, 6MD)
Batting: RHB Lionel McCloud 0-0: Ball
1-0: Ball
2-0: Called Strike
2-1: Foul Ball, location: 2F
2-2: Foul Ball, location: 2F
2-2: Strikes out swinging
Batting: LHB Munemori Ohara 0-0: Fly out, F9 (Line Drive, 9)
Top of the 2nd over - 0 run(s), 0 hit(s), 0 error(s), 0 left on base; Northern Virginia 3 - Boston 3
BOTTOM OF THE 2ND
Boston Patriots batting - Pitching for Northern Virginia Rainbow Mermaids : RHP Natalino Golaio
Batting: SHB Jorge Velázquez 0-0: Called Strike
0-1: Ball
1-1: Ball
2-1: Called Strike
2-2: Ground out 4-3 (Groundball, 4M)
Batting: RHB Sotaro Sakata 0-0: Ball
1-0: Foul Ball, location: 2F
1-1: Foul Ball, location: 2F
1-2: Ball
2-2: Fly out, F4 (Line Drive, 4M)
Batting: LHB Ramón Félix 0-0: Foul Ball, location: 2F
0-1: DOUBLE (Line Drive, 78D)
Batting: RHB Terry Armstrong 0-0: Called Strike
0-1: Ball
1-1: Ball
2-1: Ball
3-1: Ground out 6-3 (Groundball, 6)
Bottom of the 2nd over - 0 run(s), 1 hit(s), 0 error(s), 1 left on base; Northern Virginia 3 - Boston 3
TOP OF THE 3RD
Northern Virginia Rainbow Mermaids batting - Pitching for Boston Patriots : RHP Jorge Aguirre
Batting: RHB Brett Callison 0-0: Swinging Strike
0-1: Ball
1-1: Ball
2-1: Called Strike
2-2: Ball
3-2: Strikes out swinging
Batting: LHB Roberto Sánchez 0-0: Foul Ball, location: 2F
0-1: Swinging Strike
0-2: Ball
1-2: Ground out 6-3 (Groundball, 6MS)
Batting: RHB Arlen Joysey 0-0: Called Strike
0-1: Ball
1-1: Ball
2-1: Swinging Strike
2-2: Ball
3-2: Strikes out swinging
Top of the 3rd over - 0 run(s), 0 hit(s), 0 error(s), 0 left on base; Northern Virginia 3 - Boston 3
BOTTOM OF THE 3RD
Boston Patriots batting - Pitching for Northern Virginia Rainbow Mermaids : RHP Natalino Golaio
Batting: RHB Tamasaburo Kato 0-0: Called Strike
0-1: Ground out 6-3 (Groundball, 6S)
Batting: RHB Tommy Jones 0-0: Ball
1-0: Ball
2-0: Ball
3-0: Called Strike
3-1: Called Strike
3-2: Fly out, F7 (Flyball, 7D)
Batting: LHB Jorge Alejándrez 0-0: Ball
1-0: Ball
2-0: Fly out, F4 (Line Drive, 4)
Bottom of the 3rd over - 0 run(s), 0 hit(s), 0 error(s), 0 left on base; Northern Virginia 3 - Boston 3
TOP OF THE 4TH
Northern Virginia Rainbow Mermaids batting - Pitching for Boston Patriots : RHP Jorge Aguirre
Batting: RHB Alfredo Pizarro 0-0: Ball
1-0: Called Strike
1-1: Ball
2-1: Swinging Strike
2-2: Strikes out looking
Batting: LHB Francisco Ornelas 0-0: Called Strike
0-1: Fly out, F4 (Popup, 4S)
Batting: RHB Shohei Kiyomizu 0-0: Swinging Strike
0-1: Ball
1-1: Swinging Strike
1-2: Ball
2-2: Strikes out swinging
Top of the 4th over - 0 run(s), 0 hit(s), 0 error(s), 0 left on base; Northern Virginia 3 - Boston 3
BOTTOM OF THE 4TH
Boston Patriots batting - Pitching for Northern Virginia Rainbow Mermaids : RHP Natalino Golaio
Batting: LHB Alberto Enríquez 0-0: Ball
1-0: Foul Ball, location: 2F
1-1: SINGLE (Line Drive, 7S)
Batting: LHB Bill Chambers 0-0: Ball
Alberto Enríquez steals 2nd base
1-0: Ball
2-0: Ball
3-0: Called Strike
3-1: Fly out, F7 (Line Drive, 7)
Batting: SHB Jorge Velázquez 0-0: Called Strike
0-1: Swinging Strike
0-2: Ball
1-2: Ball
2-2: Foul Ball, location: 2F
2-2: Strikes out looking
Batting: RHB Sotaro Sakata 0-0: Ball
1-0: Ball
2-0: Ball
3-0: Called Strike
3-1: Foul Ball, location: 2F
3-2: Base on Balls
Batting: LHB Ramón Félix 0-0: Called Strike
0-1: Fly out, F3 (Line Drive, 34)
Bottom of the 4th over - 0 run(s), 1 hit(s), 0 error(s), 2 left on base; Northern Virginia 3 - Boston 3
TOP OF THE 5TH
Northern Virginia Rainbow Mermaids batting - Pitching for Boston Patriots : RHP Jorge Aguirre
Batting: RHB Juan Cabrera 0-0: Foul Ball, location: 2F
0-1: Ball
1-1: Ball
2-1: Ball
3-1: Foul Ball, location: 2F
3-2: Strikes out swinging
Batting: RHB Lionel McCloud 0-0: SINGLE (Groundball, 6MD)
Batting: LHB Munemori Ohara 0-0: Ball
Lionel McCloud steals 2nd base
1-0: Called Strike
1-1: Ball
2-1: Called Strike
2-2: Strikes out swinging
Batting: RHB Brett Callison 0-0: Ball
1-0: Called Strike
1-1: Swinging Strike
1-2: Ball
2-2: Strikes out looking
Top of the 5th over - 0 run(s), 1 hit(s), 0 error(s), 1 left on base; Northern Virginia 3 - Boston 3
BOTTOM OF THE 5TH
Boston Patriots batting - Pitching for Northern Virginia Rainbow Mermaids : RHP Natalino Golaio
Batting: RHB Terry Armstrong 0-0: Ball
1-0: Ball
2-0: Foul Ball, location: 2F
2-1: Called Strike
2-2: Ball
3-2: Base on Balls
Batting: RHB Tamasaburo Kato 0-0: Ball
1-0: Fly out, F9 (Flyball, 9S)
Batting: RHB Tommy Jones 0-0: Ball
1-0: Called Strike
1-1: Ball
2-1: Foul Ball, location: 2F
2-2: Ball
3-2: Foul Ball, location: 2F
3-2: SINGLE (Line Drive, 78S)
Terry Armstrong to second
Pitching: LHP Javier Desdin
Batting: LHB Jorge Alejándrez 0-0: Ball
1-0: Foul Ball, location: 2F
1-1: Fly out, F7 (Flyball, 78M)
Batting: LHB Alberto Enríquez 0-0: Foul Ball, location: 2F
0-1: Ball
1-1: Foul Ball, location: 2F
1-2: Ball
2-2: Fly out, F7 (Line Drive, 7LS)
Bottom of the 5th over - 0 run(s), 1 hit(s), 0 error(s), 2 left on base; Northern Virginia 3 - Boston 3
TOP OF THE 6TH
Northern Virginia Rainbow Mermaids batting - Pitching for Boston Patriots : RHP Jorge Aguirre
Batting: LHB Roberto Sánchez 0-0: Foul Ball, location: 2F
0-1: Ball
1-1: Swinging Strike
1-2: Foul Ball, location: 2F
1-2: Fly out, F7 (Line Drive, 7)
Batting: RHB Arlen Joysey 0-0: Called Strike
0-1: Called Strike
0-2: Fly out, F7 (Flyball, 78M)
Batting: RHB Alfredo Pizarro 0-0: Ball
1-0: Foul Ball, location: 2F
1-1: Ball
2-1: Ground out 6-3 (Groundball, 6M)
Top of the 6th over - 0 run(s), 0 hit(s), 0 error(s), 0 left on base; Northern Virginia 3 - Boston 3
BOTTOM OF THE 6TH
Boston Patriots batting - Pitching for Northern Virginia Rainbow Mermaids : LHP Javier Desdin
Batting: LHB Bill Chambers 0-0: Ground out U3 (Groundball, 34)
Batting: SHB Jorge Velázquez 0-0: Ball
1-0: Fly out, F4 (Popup, 34D)
Batting: RHB Sotaro Sakata 0-0: Called Strike
0-1: Called Strike
0-2: Ball
1-2: Ground out 6-3 (Groundball, 6)
Bottom of the 6th over - 0 run(s), 0 hit(s), 0 error(s), 0 left on base; Northern Virginia 3 - Boston 3
TOP OF THE 7TH
Northern Virginia Rainbow Mermaids batting - Pitching for Boston Patriots : RHP Jorge Aguirre
Batting: LHB Francisco Ornelas 0-0: Swinging Strike
0-1: Swinging Strike
0-2: Strikes out looking
Batting: RHB Shohei Kiyomizu 0-0: Called Strike
0-1: Ground out 6-3 (Groundball, 6M)
Batting: RHB Juan Cabrera 0-0: Called Strike
0-1: Swinging Strike
0-2: Foul Ball, location: 2F
0-2: Ball
1-2: Ball
2-2: Strikes out swinging
Top of the 7th over - 0 run(s), 0 hit(s), 0 error(s), 0 left on base; Northern Virginia 3 - Boston 3
BOTTOM OF THE 7TH
Boston Patriots batting - Pitching for Northern Virginia Rainbow Mermaids : LHP Javier Desdin
Batting: LHB Ramón Félix 0-0: SINGLE (Line Drive, 6D)
Batting: RHB Terry Armstrong 0-0: Called Strike
0-1: Ground out 5-3 (Groundball, 56)
Ramón Félix to second
Batting: RHB Tamasaburo Kato 0-0: Called Strike
0-1: Ball
1-1: Ball
2-1: Foul Ball, location: 2F
2-2: Ball
3-2: Ground out 6-3 (Groundball, 56)
Batting: RHB Tommy Jones 0-0: Called Strike
0-1: Foul Ball, location: 2F
0-2: Ball
1-2: Ball
2-2: Foul Ball, location: 2F
2-2: Ground out U3 (Groundball, 34)
Bottom of the 7th over - 0 run(s), 1 hit(s), 0 error(s), 1 left on base; Northern Virginia 3 - Boston 3
TOP OF THE 8TH
Northern Virginia Rainbow Mermaids batting - Pitching for Boston Patriots : RHP Jorge Aguirre
Pitching: RHP Folkert van Huizen
Pinch Hitting: RHB Ed Adams 0-0: Ball
1-0: Fly out, F9 (Flyball, 9S)
Batting: LHB Munemori Ohara 0-0: Called Strike
0-1: Ball
1-1: Ball
2-1: Foul Ball, location: 2F
2-2: Foul Ball, location: 2F
2-2: Foul Ball, location: 2F
2-2: Foul Ball, location: 2F
2-2: Ground out 6-3 (Groundball, 6S)
Batting: RHB Brett Callison 0-0: Ground out U3 (Groundball, 34D)
Top of the 8th over - 0 run(s), 0 hit(s), 0 error(s), 0 left on base; Northern Virginia 3 - Boston 3
BOTTOM OF THE 8TH
Boston Patriots batting - Pitching for Northern Virginia Rainbow Mermaids : LHP Javier Desdin
Now at 2B: Ed Adams
Batting: LHB Jorge Alejándrez 0-0: Called Strike
0-1: Ball
1-1: Ground out 4-3 (Groundball, 4)
Batting: LHB Alberto Enríquez 0-0: Swinging Strike
0-1: Ball
1-1: Foul Ball, location: 2F
1-2: Fly out, F4 (Popup, 4D)
Batting: LHB Bill Chambers 0-0: Fly out, F7 (Flyball, 78M)
Bottom of the 8th over - 0 run(s), 0 hit(s), 0 error(s), 0 left on base; Northern Virginia 3 - Boston 3
TOP OF THE 9TH
Northern Virginia Rainbow Mermaids batting - Pitching for Boston Patriots : RHP Folkert van Huizen
Pitching: LHP José Sánchez
Pinch Hitting: RHB Ju-chan Pak 0-0: Swinging Strike
0-1: Swinging Strike
0-2: Ball
1-2: Ball
2-2: Strikes out swinging
Batting: RHB Arlen Joysey 0-0: Called Strike
0-1: Ball
1-1: Swinging Strike
1-2: Strikes out swinging
Batting: RHB Alfredo Pizarro 0-0: Ball
1-0: Ball
2-0: Ground out 1-3 (Groundball, 13)
Top of the 9th over - 0 run(s), 0 hit(s), 0 error(s), 0 left on base; Northern Virginia 3 - Boston 3
BOTTOM OF THE 9TH
Boston Patriots batting - Pitching for Northern Virginia Rainbow Mermaids : LHP Javier Desdin
Pitching: LHP Ilie Paunescu
Now at 1B: Ju-chan Pak
Batting: SHB Jorge Velázquez 0-0: Called Strike
0-1: Ground out 4-3 (Groundball, 4M)
Batting: RHB Sotaro Sakata 0-0: Foul Ball, location: 2F
0-1: Foul Ball, location: 2F
0-2: Fly out, F9 (Flyball, 89M)
Pinch Hitting: RHB Karl Schultz 0-0: Ball
1-0: Ball
2-0: Called Strike
2-1: Ground out 5-3 (Groundball, 56)
Bottom of the 9th over - 0 run(s), 0 hit(s), 0 error(s), 0 left on base; Northern Virginia 3 - Boston 3
TOP OF THE 10TH
Northern Virginia Rainbow Mermaids batting - Pitching for Boston Patriots : LHP José Sánchez
Now in RF: Karl Schultz
Pinch Hitting: RHB Pau Arria 0-0: Called Strike
0-1: Ball
1-1: Ball
2-1: Foul Ball, location: 2F
2-2: Ground out 5-3 (Groundball, 56S)
Batting: RHB Shohei Kiyomizu 0-0: Called Strike
0-1: Fly out, F6 (Line Drive, 6M)
Batting: RHB Juan Cabrera 0-0: Swinging Strike
0-1: Ball
1-1: Ball
2-1: Swinging Strike
2-2: Foul Ball, location: 2F
2-2: Fly out, F7 (Line Drive, 7LM)
Top of the 10th over - 0 run(s), 0 hit(s), 0 error(s), 0 left on base; Northern Virginia 3 - Boston 3
BOTTOM OF THE 10TH
Boston Patriots batting - Pitching for Northern Virginia Rainbow Mermaids : LHP Ilie Paunescu
Now at SS: Pau Arria
Batting: RHB Terry Armstrong 0-0: Fly out, F9 (Flyball, 89M)
Batting: RHB Tamasaburo Kato 0-0: Reached on error, E6 (Groundball, 6)
Batting: RHB Tommy Jones 0-0: Called Strike
0-1: Ball
1-1: Foul Ball, location: 2F
1-2: Ball
2-2: Fly out, F9 (Flyball, 9S)
Pinch Hitting: RHB Gabriel Maldonado 0-0: Swinging Strike
0-1: Ball
1-1: Called Strike
1-2: Ball
2-2: Foul Ball, location: 2F
2-2: Ball
3-2: Strikes out swinging
Bottom of the 10th over - 0 run(s), 0 hit(s), 1 error(s), 1 left on base; Northern Virginia 3 - Boston 3
TOP OF THE 11TH
Northern Virginia Rainbow Mermaids batting - Pitching for Boston Patriots : LHP José Sánchez
Now at 2B: Mario Blanco
Batting: RHB Ed Adams 0-0: Ball
1-0: Ball
2-0: Called Strike
2-1: Ball
3-1: Ground out 6-3 (Groundball, 6)
Pinch Hitting: SHB Arnold Griffith 0-0: Called Strike
0-1: Ball
1-1: Ball
2-1: Ball
3-1: Swinging Strike
3-2: Foul Ball, location: 2F
3-2: Strikes out looking
Batting: RHB Brett Callison 0-0: Ball
1-0: Ball
2-0: Called Strike
2-1: Swinging Strike
2-2: Ball
3-2: Ground out 5-3 (Groundball, 56)
Top of the 11th over - 0 run(s), 0 hit(s), 0 error(s), 0 left on base; Northern Virginia 3 - Boston 3
BOTTOM OF THE 11TH
Boston Patriots batting - Pitching for Northern Virginia Rainbow Mermaids : LHP Ilie Paunescu
Pitching: RHP David Hudson
Now in LF: Gerald Kaufman
Batting: LHB Alberto Enríquez 0-0: Swinging Strike
0-1: Ball
1-1: Ball
2-1: Called Strike
2-2: Foul Ball, location: 2F
2-2: Strikes out swinging
Batting: LHB Bill Chambers 0-0: Called Strike
0-1: Ball
1-1: Ball
2-1: Ball
3-1: SINGLE (Groundball, 4D)
Batting: SHB Jorge Velázquez 0-0: Called Strike
0-1: Foul Ball, location: 2F
0-2: Foul Ball, location: 2F
0-2: Ball
1-2: Foul Ball, location: 2F
1-2: Ball
2-2: Strikes out swinging
Batting: RHB Sotaro Sakata 0-0: SINGLE (Line Drive, 6MD)
Bill Chambers to second
Batting: RHB Karl Schultz 0-0: Called Strike
0-1: Ball
1-1: Foul Ball, location: 2F
1-2: Foul Ball, location: 2F
1-2: Foul Ball, location: 2F
1-2: Ball
2-2: Foul Ball, location: 2F
2-2: Foul Ball, location: 2F
2-2: Ball
3-2: Base on Balls
Bill Chambers to third
Sotaro Sakata to second
Batting: RHB Terry Armstrong 0-0: Ball
1-0: Foul Ball, location: 2F
1-1: Ball
2-1: Ground out 4-3 (Groundball, 4MS)
Bottom of the 11th over - 0 run(s), 2 hit(s), 0 error(s), 3 left on base; Northern Virginia 3 - Boston 3
TOP OF THE 12TH
Northern Virginia Rainbow Mermaids batting - Pitching for Boston Patriots : LHP José Sánchez
Batting: RHB Ju-chan Pak 0-0: Ball
1-0: Fly out, F7 (Flyball, 7D)
Batting: RHB Arlen Joysey 0-0: Ball
1-0: Ball
2-0: Called Strike
2-1: Swinging Strike
2-2: Foul Ball, location: 2F
2-2: Ball
3-2: Foul Ball, location: 2F
3-2: Base on Balls
Batting: RHB Alfredo Pizarro 0-0: Called Strike
0-1: Ball
1-1: Foul Ball, location: 2F
1-2: Strikes out swinging
Batting: RHB Pau Arria 0-0: Ball
1-0: Foul Ball, location: 2F
1-1: SINGLE (Groundball, 34D)
Arlen Joysey to second
Pitching: RHP Jeff Territt
Batting: RHB Shohei Kiyomizu 0-0: Ball
1-0: Foul Ball, location: 2F
1-1: Foul Ball, location: 2F
1-2: Fly out, F5 (Popup, 5L)
Top of the 12th over - 0 run(s), 1 hit(s), 0 error(s), 2 left on base; Northern Virginia 3 - Boston 3
BOTTOM OF THE 12TH
Boston Patriots batting - Pitching for Northern Virginia Rainbow Mermaids : RHP David Hudson
Batting: RHB Tamasaburo Kato 0-0: Called Strike
0-1: Ball
1-1: Ball
2-1: Foul Ball, location: 2F
2-2: Ball
3-2: SOLO HOME RUN (Flyball, 7D), Distance : 384 ft
Wednesday, August 23rd, 2017 - OOTP Baseball 17.12 Build 75